 Dungeon Crawl Stone Soup version 0.32-a0-673-g3729bd50f8 (webtiles) character file.

Game seed: 7941022332756811892

987 cforsyth the Grave Robber (level 7, -23/62 HPs)
             Began as a Mountain Dwarf Necromancer on Mar 10, 2024.
             Annihilated by an ogre
             ... wielding a +0 giant club
              (26 damage)
             ... on level 5 of the Dungeon.
             The game lasted 00:09:16 (5337 turns).

cforsyth the Grave Robber (MDNe)                    Turns: 5337, Time: 00:09:17

Health: -23/62     AC: 21    Str: 12    XL:     7   Next: 97%
Magic:  18/18      EV: -1    Int: 25    God:
Gold:   122        SH:  0    Dex: 10    Spells: 4/9 levels left

rFire   + . .        t - +0 war axe
rCold   . . .        (no shield)
rNeg    . . .        r - +0 crystal plate armour
rPois   .            A - +0 helmet
rElec   .            (no cloak)
rCorr   .            k - +2 pair of gloves "Rywk" {rF+ Int+3 SInv}
SInv    +            (no boots)
Will    .....        (no amulet) Stlth
                     M - ring of magical power
HPRegen 0.30/turn    I - +6 ring of intelligence
MPRegen 0.16/turn

%: no passive effects
@: no status effects
A: runic magic, artefact enchanting
a: no special abilities


You were on level 5 of the Dungeon.
You visited 1 branch of the dungeon, and saw 5 of its levels.

You collected 220 gold pieces.
You spent 98 gold pieces at shops.


Innate Abilities, Weirdness & Mutations

Your spellcasting is much less encumbered by armour.
You can use scrolls of enchantment on lesser artefacts.


   Skills:
 + Level 5.9 Fighting
 + Level 5.0 Armour
 - Level 1.3 Dodging
 - Level 1.4 Stealth
 - Level 1.7 Spellcasting
 + Level 7.4 Necromancy


You had 4 spell levels left.
You knew the following spells:

 Your Spells              Type           Power      Damage    Failure   Level
a - Animate Dead          Necr           39%        N/A       36%         4
X - Necrotise             Necr           100%       1d9       4%          1

Your spell library contained the following spells:

 Spells                   Type           Power      Damage    Failure   Level
 Vampiric Draining        Necr           39%        2d8       12%         3
 Foxfire                  Conj/Fire      8%         2x1d4     65%         1
 Sting                    Conj/Alch      8%         1d3       65%         1
 Call Imp                 Summ           4%         N/A       78%         2
 Mercury Vapours          Alch/Air       4%         N/A       78%         2
 Martyr's Knell           Necr/Summ      20%        N/A       88%         4
 Olgreb's Toxic Radiance  Alch           2%         N/A       100%        4
 Curse of Agony           Necr           39%        N/A       73%         5
 Plasma Beam              Fire/Air       1%         2x1d11    100%        6
 Starburst                Conj/Fire      1%         6d3       100%        6
 Borgnjor's Revivificati  Necr           19%        N/A       100%        8

Inventory:

Hand Weapons
 j - a +0 short sword
 t - a +0 war axe (weapon)
Missiles
 q - a throwing net {=f}
Armour
 k - the +2 pair of gloves "Rywk" (worn) {rF+ Int+3 SInv}
   (You found it on level 2 of the Dungeon)

   Int+3:     It affects your intelligence (+3).
   rF+:       It protects you from fire.
   SInv:      It lets you see invisible.
 r - a +0 crystal plate armour (worn)
 A - a +0 helmet (worn)
Jewellery
 v - a ring of see invisible
 I - a +6 ring of intelligence (right hand)
 M - a ring of magical power (left hand)
Wands
 s - a wand of flame (28)
 D - a wand of charming (8)
Scrolls
 a - a scroll of blinking {unknown}
 c - 3 scrolls of teleportation {@r2}
 e - 3 scrolls of silence {unknown}
 g - a scroll of enchant weapon {unknown}
 l - a scroll of poison {unknown}
 o - a scroll of fog
 u - 2 scrolls of fear {unknown}
 x - a scroll of enchant armour
 y - a scroll of butterflies {unknown}
 C - a scroll of vulnerability {unknown}
Potions
 b - a potion of magic
 d - a potion of brilliance {unknown}
 h - 4 potions of mutation
 i - 4 potions of heal wounds {@q2}
 m - 3 potions of might
 n - 2 potions of curing {@q1}
 p - 2 potions of attraction
 w - a potion of ambrosia {unknown}
 z - a potion of haste {unknown}
 B - a potion of degeneration {unknown}

Dungeon Overview and Level Annotations

Branches:
Dungeon (5/15)
 Temple: D:4-7

Altars:
Uskayaw

Shops:
D:2 (   D:3 :!

Annotations:
D:4 1 runed translucent door, kd29's ghost, amateur TrSh

..# ..# # .#.#######
.........# .........#
.........# ######O#
... #....@.##.... ...
#............. ...
#............. ..
#.............
.########'###########
####.#...............
.....#...............
.....#...............
.....#...............


You could see an ogre.


Message History

Unknown command.
Unknown command.
Aiming: Charm
Press: ? - help, Shift-Dir - straight line, f - ribbon worm, p - ogre
Aim: a ribbon worm (chance to affect: 57%)
The ribbon worm is charmed.
The ogre hits your ribbon worm with a +0 giant club!!
Your ribbon worm dies!
Unknown command.
Aiming: Throw Flame
Press: ? - help, Shift-Dir - straight line, f - ogre
Aim: an ogre, wielding a +0 giant club (severely wounded, 85% to hit)
The puff of flame hits the ogre.
The ogre is almost dead.
Aiming: Throw Flame
Press: ? - help, Shift-Dir - straight line, f/p - ogre
Aim: an ogre, wielding a +0 giant club (almost dead, 85% to hit)
The puff of flame hits the ogre.
The ogre is almost dead.
Unknown command.
You barely miss the ogre.
The ogre is almost dead.
The ogre hits you with a +0 giant club!
* * * LOW HITPOINT WARNING * * *
Unknown command.
Unknown command.
You hit the ogre but do no damage.
The ogre is almost dead.
The ogre hits you with a +0 giant club!!
You die...

Skill      XL: |  1  2  3  4  5  6  7 |
---------------+----------------------+-----
Fighting       | 1 2 4 5 |  5.9
Necromancy     | 5 6 7 |  7.4
Armour         | 2 3 5 |  5.0
Dodging        | |  1.3
Stealth        | |  1.4
Spellcasting   | |  1.7

Action                     |  1- 3 |  4- 6 |  7- 9 || total
---------------------------+-------+-------+-------++-------
  Melee: Unarmed           |     2 |       |       ||     2
         Short sword       |     1 |    88 |    47 ||   136
         War axe           |       |       |    62 ||    62
   Cast: Necrotise         |    88 |    81 |    46 ||   215
  Evoke: Wand              |       |       |     6 ||     6
    Use: Scroll            |       |       |     6 ||     6
 Armour: Robe              |    30 |       |       ||    30
         Skin              |     1 |       |       ||     1
         Crystal plate arm |       |   175 |   210 ||   385
  Dodge: Dodged            |    27 |     5 |     7 ||    39

Levels and vault maps discovered:
D:1:      minmay_arrival_four_circles, layout_basic
D:2:      minmay_roachtagon, layout_loops_ring, serial_shops,
          nicolae_shop_crystal, minmay_pentomino_v2, uniq_natasha, uniq_sigmund
D:3:      layout_basic, serial_shops, nicolae_shop_trees, shop, minmay_cut_off
D:4:      layout_cave_pools, old_standard_altar, ebering_ghost_reflecting_pool,
          serial_undead, serial_undead_b, serial_undead_f, serial_undead_b,
          serial_undead_a, hellmonk_no_cap, uniq_blork_the_orc, uniq_robin
D:5:      gammafunk_cloud_chamber, layout_gridville, grunt_qazlal_sundering,
          roderic_roman_lattice, nicolae_concentric_dashed_squares_wild

Notes
Turn   | Place    | Note
-------+----------+-------------------------------------------
     0 | D:1      | cforsyth the Mountain Dwarf Necromancer began the quest for
                  | the Orb.
     0 | D:1      | Reached XP level 1. HP: 14/14 MP: 3/3
   200 | D:1      | Reached skill level 1 in Fighting
   257 | D:1      | Reached XP level 2. HP: 23/23 MP: 1/4
   843 | D:1      | Got the Anthology of Formation and Black Rites
  1234 | D:2      | Reached skill level 2 in Fighting
  1257 | D:2      | Identified the +1 pair of gloves "Rywk" {rF+ Int+3 SInv}
  1304 | D:2      | Reached skill level 5 in Necromancy
  1304 | D:2      | Reached XP level 3. HP: 29/29 MP: 3/5
  1820 | D:2      | Found Birot's Weapon Shoppe.
  1858 | D:2      | Noticed Sigmund
  2032 | D:2      | Reached XP level 4. HP: 37/37 MP: 6/6
  2033 | D:2      | Identified a +0 crystal plate armour
  2250 | D:2      | Noticed Natasha
  2256 | D:2      | Killed Natasha
  2257 | D:2      | Reached skill level 3 in Fighting
  2324 | D:2      | Noticed Natasha
  2334 | D:2      | Killed Natasha
  2335 | D:2      | Reached skill level 1 in Armour
  2388 | D:2      | Killed Sigmund
  2389 | D:2      | Reached skill level 4 in Fighting
  2389 | D:2      | Reached skill level 2 in Armour
  2389 | D:2      | Reached skill level 6 in Necromancy
  2389 | D:2      | Reached XP level 5. HP: 46/46 MP: 6/7
  2389 | D:2      | Reached XP level 6. HP: 52/52 MP: 6/8
  2670 | D:3      | Found Xaxih's Distillery.
  2675 | D:3      | Bought a potion of might for 56 gold pieces
  2675 | D:3      | Bought a potion of curing for 42 gold pieces
  2688 | D:3      | Found Desuap's Book Boutique.
  3514 | D:4      | Reached skill level 3 in Armour
  3831 | D:4      | Noticed Blork the orc
  3850 | D:4      | Killed Blork the orc
  3984 | D:4      | Noticed Robin
  4122 | D:4      | Reached XP level 7. HP: 59/60 MP: 9/9
  4306 | D:4      | Reached skill level 5 in Fighting
  4310 | D:4      | Killed Robin
  4356 | D:4      | Found a runed translucent door.
  4357 | D:4      | Noticed kd29's ghost (amateur TrSh)
  4418 | D:4      | Reached skill level 4 in Armour
  4683 | D:4      | Found a hide-covered altar of Uskayaw.
  4776 | D:4      | Reached skill level 7 in Necromancy
  5037 | D:5      | Entered Level 5 of the Dungeon
  5074 | D:5      | Learned a level 4 spell: Animate Dead
  5292 | D:5      | Reached skill level 5 in Armour
  5336 | D:5      | HP: 3/62 [ogre/+0 giant club (10)]
  5337 | D:5      | Annihilated by an ogre

Vanquished Creatures
  Sigmund (D:2)
  A phantom (D:3)
  Blork the orc (D:4)
  2 water moccasin zombies (D:4)
  A howler monkey (D:5)
  2 hounds
  An orc priest (D:5)
  2 sleepcaps (D:4)
  An iguana (D:4)
  An orc wizard (D:3)
  2 scorpion zombies (D:4)
  Natasha (twice) (D:2)
  A howler monkey zombie (D:4)
  Robin (D:4)
  2 adders
  A white imp (D:5)
  An adder zombie (D:4)
  An adder skeleton (D:4)
  A ribbon worm (D:2)
  4 dart slugs
  9 orcs
  6 bats
  6 endoplasms
  15 giant cockroaches
  11 goblins
  12 hobgoblins
  2 jackals (D:1)
  7 kobolds
  4 quokkas
  4 ball pythons
  3 frilled lizards
  A jackal skeleton (D:4)
  3 rats (D:3)
112 creatures vanquished.

Vanquished Creatures (collateral kills)
  A scorpion (D:5)
  A goblin (D:4)
2 creatures vanquished.

Vanquished Creatures (others)
  An ogre (D:5)
  A ribbon worm (D:5)
2 creatures vanquished.

Grand Total: 116 creatures vanquished

Table legend: (Time is in decaauts)
 A = Elapsed time spent in this place.
 B = Non-inter-level travel time spent in this place.
 C = Inter-level travel time spent in this place.
 D = Time resting spent in this place.
 E = Time spent auto-exploring this place.
 F = Levels seen in this place.
 G = Mean time per level.
                   A        B        C        D        E       F      G
               +--------+--------+--------+--------+--------+-----+--------+
         Total |   5373 |   5263 |    110 |    421 |   3707 |   5 | 1074.6 |
       Dungeon |   5373 |   5263 |    110 |    421 |   3707 |   5 | 1074.6 |
               +--------+--------+--------+--------+--------+-----+--------+

Top non-repeatable levels by time:
     D:2: 1371 daAuts
     D:3: 1297 daAuts
     D:1: 1231 daAuts
     D:4: 1162 daAuts
     D:5: 310 daAuts

Table legend:
 A = Non-vault XP
 B = Vault XP
 C = Vault XP percentage of total XP
 D = Non-vault monster count
 E = Vault monster count
 F = Vault count percentage of total count
                 A         B        C        D         E       F
            +---------+---------+-------+---------+---------+-------
      Total |     546 |     865 |  61.3 |      71 |      43 |  37.7
            +---------+---------+-------+---------+---------+-------
        D:1 |      35 |       0 |   0.0 |      17 |       0 |   0.0
        D:2 |      72 |     292 |  80.2 |      15 |      15 |  50.0
        D:3 |     123 |     119 |  49.2 |      20 |       8 |  28.6
        D:4 |      54 |     454 |  89.4 |      10 |      20 |  66.7
        D:5 |     262 |       0 |   0.0 |       9 |       0 |   0.0
            +---------+---------+-------+---------+---------+-------
